 Dungeon Crawl Stone Soup version 0.26.0-45-g9c1d065592 (webtiles) character file.

Game seed: 9066122762246985396

53 kaeus the Chopper (level 3, -3/33 HPs)
             Began as a Hill Orc Monk on Jan 27, 2021.
             Killed from afar by Sigmund (7 damage)
             ... with a magic dart
             ... on level 2 of the Dungeon.
             The game lasted 00:01:49 (1789 turns).

kaeus the Chopper (Hill Orc Monk)                   Turns: 1789, Time: 00:01:50

Health: -3/33      AC:  8    Str: 14    XL:     3   Next: 87%
Magic:  3/3        EV:  4    Int: 10    God:
Gold:   68         SH:  7    Dex: 13    Spells: 2/2 levels left

rFire    . . .     SeeInvis .   a - +0 hand axe
rCold    . . .     Faith    .   e - +0 kite shield
rNeg     . . .     Spirit   .   g - +0 chain mail
rPois    .         Reflect  .   (no helmet)
rElec    .         Harm     .   (no cloak)
rCorr    +         Rampage  .   (no gloves)
Will     .....                  (no boots)
Stlth    ..........             (no amulet)
HPRegen  0.11/turn              d - ring of resist corrosion
MPRegen  0.08/turn              (no ring)

@: brilliant, lethally poisoned (-3 -> -11)
A: no striking features
a: no special abilities


You were on level 2 of the Dungeon.
You visited 1 branch of the dungeon, and saw 2 of its levels.

You collected 68 gold pieces.

Inventory:

Hand Weapons
 a - a +0 hand axe (weapon)
Armour
 e - a +0 kite shield (worn)
 g - a +0 chain mail (worn)
Jewellery
 d - a ring of resist corrosion (left hand)
Scrolls
 b - 2 scrolls of identify
 c - a scroll of remove curse


   Skills:
 + Level 4.1 Fighting
 + Level 4.6 Axes
 * Level 2.5 Armour
 - Level 2.4 Dodging
 - Level 1.5 Stealth


You had 2 spell levels left.
You didn't know any spells.
Your spell library was empty.

Dungeon Overview and Level Annotations

Branches:
Dungeon (2/15)

Altars:

Annotations:
D:2 Sigmund


Message History

* * * LOW HITPOINT WARNING * * *
You feel sick.
You take 1 damage, and have 6/33 hp.
It was a potion of brilliance.
You feel clever all of a sudden.
You feel less confused.
* * * LOW HITPOINT WARNING * * *
You feel sick.
You take 1 damage, and have 5/33 hp.
As you read the scroll labelled XIRHEI DAERUMU, it crumbles to dust.
It is a scroll of identify.
c - a scroll of remove curse
* * * LOW HITPOINT WARNING * * *
You feel sick.
You take 1 damage, and have 4/33 hp.
* * * LOW HITPOINT WARNING * * *
You feel sick.
You take 1 damage, and have 3/33 hp.
A magic dart appears from out of thin air!
The magic dart hits you!
You die...

....# #....##..........# #.......
....# ####.##...#......###.......
##########.##..........##........
##......##..#.###.#.##....##.# ##
#...........#..##.........##.# .#
#..............<#.........##..
.###...........##.####.##....####
..............###..# #...........
................@#.###.####...##.
.................#..#....##...##.
.###.............##.#....##...#..
..†..........{...##.#....##...#..
...†.###.........##.#....##...#..
.....# #......................#..
###### #.......##....#.#.....##..
#.......##......#.....##.. .
#.......######..#.....##..


There were no monsters in sight!

Vanquished Creatures
  An adder (D:2)
  2 worms (D:2)
  2 dart slugs
  A leopard gecko (D:1)
  2 giant cockroaches (D:2)
  5 goblins
  2 hobgoblins
  5 jackals (D:2)
  A kobold (D:1)
  4 bats
  4 frilled lizards
  3 rats
32 creatures vanquished.

Notes
Turn   | Place    | Note
-------+----------+-------------------------------------------
     0 | D:1      | kaeus the Hill Orc Monk began the quest for the Orb.
     0 | D:1      | Reached XP level 1. HP: 19/19 MP: 1/1
   181 | D:1      | Reached skill level 1 in Armour
   188 | D:1      | Reached XP level 2. HP: 26/27 MP: 2/2
   998 | D:2      | Reached XP level 3. HP: 23/33 MP: 3/3
  1766 | D:2      | Noticed Sigmund
  1789 | D:2      | Killed from afar by Sigmund

Illustrated notes

Levels and vault maps discovered:
D:1:      erik_arrival_orb_chamber, layout_basic, minmay_parallelograms
D:2:      layout_basic, amethyst_overflow_temple_binary, lemuel_round_altar,
          minmay_cupped, uniq_sigmund

Skill      XL: |  1  2  3 |
---------------+----------+-----
Armour         | 1 2 |  2.5
Fighting       | 4 |  4.1
Axes           | |  4.6
Dodging        | |  2.4
Stealth        | |  1.5

Action                   || total
-------------------------++-------
Melee: Hand axe          ||   113
  Use: Scroll            ||     1
       Potion            ||     1
 Stab: Sleeping          ||     4
Armor: Leather armour    ||    26
       Robe              ||     1
       Chain mail        ||    21
Dodge: Dodged            ||    71
Block: Kite shield       ||    28
